 Dungeon Crawl Stone Soup version 0.27.0-1-g7a089689b8 (webtiles) character file.

Game seed: 8425487788185584744

548 Alakanar the Magician (level 7, -3/47 HPs)
             Began as a Djinni Ice Elementalist on Aug 4, 2021.
             Slain by an iguana (12 damage)
             ... on level 4 of the Dungeon.
             The game lasted 00:32:38 (5526 turns).

Alakanar the Magician (Djinni Ice Elementalist)     Turns: 5526, Time: 00:32:38

Health: -3/47      AC:  2    Str:  7    XL:     7   Next: 53%
Gold:   143        EV: 12    Int: 19    God:
                   SH:  0    Dex: 13

rFire    + + .     SeeInvis .   g - staff of poison
rCold    x . .     Faith    .   (no shield)
rNeg     . . .     Spirit   .   h - +0 robe {Will+}
rPois    ∞         Reflect  .   (no helmet)
rElec    .         Harm     .   (no cloak)
rCorr    .         Rampage  .   (no gloves)
Will     +....                  (boots unavailable)
Stlth    ++........             (no amulet)
HPRegen  0.15/turn              e - ring of wizardry
MPRegen  0.00/turn              (no ring)

@: flying
A: sickness immunity, fire resistance 2, cold vulnerability 1, float, innate
caster, hp casting, extra vitality 1
a: no special abilities


You were on level 4 of the Dungeon.
You visited 1 branch of the dungeon, and saw 4 of its levels.

You collected 143 gold pieces.

Inventory:

Hand Weapons
 l - a +0 mace
Armour
 a - a +0 robe
 b - a +0 robe
 h - a +0 robe of willpower (worn)
Magical Staves
 g - a staff of poison (weapon)
Jewellery
 e - a ring of wizardry (left hand)
Wands
 c - a wand of charming (5)
Scrolls
 f - a scroll of magic mapping
 k - a scroll of amnesia {unknown}
 n - a scroll of vulnerability {unknown}
Potions
 d - a potion of mutation {unknown}
 i - 2 potions of degeneration
 j - a potion of resistance {unknown}


   Skills:
 + Level 1.2 Fighting
 + Level 2.8 Dodging
 - Level 1.5 Stealth
 + Level 6.4 Spellcasting


You had one spell level left.
You knew the following spells:

 Your Spells              Type           Power      Damage    Failure   Level
a - Freeze                Ice            100%       1d11      1%          1
b - Frozen Ramparts       Ice            60%        1d8       1%          3
c - Ozocubu's Armour      Ice            30%        N/A       1%          3
d - Hailstorm             Conj/Ice       30%        3d8       3%          4
e - Summon Small Mammal   Summ           100%       N/A       1%          1
f - Searing Ray           Conj           60%        3d5       1%          2
g - Ignite Poison         Fire/Tmut/Pois 45%        N/A       1%          3
Your spell library was empty.

Dungeon Overview and Level Annotations

Branches:
Dungeon (4/15)
 Temple: D:4-7

Altars:


Innate Abilities, Weirdness & Mutations

You are immune to sickness and miasma.
You are immune to poison.
Your flesh is very heat resistant. (rF++)
You are vulnerable to cold. (rC-)
You float through the air rather than walking.
You learn spells naturally, not from books.
Your magical power is your life essence.
You have superior vitality. (+4 HP)


Message History

Press: ? - help, Shift-Dir - straight line, f - iguana
Aim: an iguana (82% to hit)
The searing ray hits the iguana.
The iguana is lightly wounded. (Press . to maintain the ray.)
Casting: Searing Ray (safe; 1% risk of failure)
Confirm with . or Enter, or press ? or * to list all spells.
Restarting spell: Searing Ray (safe; 1% risk of failure)
Press: ? - help, Shift-Dir - straight line, f/p - iguana
Aim: an iguana (lightly wounded, 82% to hit)
The searing ray misses the iguana. (Press . to maintain the ray.)
Casting: Searing Ray (safe; 1% risk of failure)
Confirm with . or Enter, or press ? or * to list all spells.
You don't know that spell.
Casting: Searing Ray (safe; 1% risk of failure)
Confirm with . or Enter, or press ? or * to list all spells.
Casting: Hailstorm (dangerous; 3% risk of failure)
Press: ? - help, Dir - look around, f - activate A cannonade of hail descends around you!
The hail pelts the ball python!
You kill the ball python!
The iguana bites you.
* * * LOW HITPOINT WARNING * * *
Your icy armour and frozen ramparts will break if you move.
Continue? [Y]es or [N]o only, please.
Your icy armour and frozen ramparts will break if you move.
Continue?
Your icy armour cracks and falls away as you move.
The frozen ramparts melt away as you move.
The iguana completely misses you.
There is an open door here.
Things that are here:
a +0 giant spiked club; a howler monkey corpse; an ogre corpse An iguana is nearby!
Found 14 stones.
Casting: Hailstorm (dangerous; 3% risk of failure)
Confirm with . or Enter, or press ? or * to list all spells.
* * * LOW HITPOINT WARNING * * *
The iguana bites you!
You die...

#.##......##
###......##
##......##
#......###
#'#......###
#)###....†.###
#†..###......#
##rl..###......#
#..#@...###......#
#.##.##...###......
#. (.# #... ##..#.
###### ## ###


You could see an iguana (ally target) and a friendly quokka (summoned).

Vanquished Creatures
  An ogre (D:4)
  A scorpion (D:4)
  A howler monkey (D:4)
  2 hounds (D:3)
  2 orc priests (D:4)
  An iguana (D:4)
  Robin (D:3)
  5 adders
  A gnoll (D:3)
  An adder zombie (D:3)
  2 adder skeletons (D:4)
  2 worms
  3 dart slugs
  13 orcs
  6 endoplasms
  6 giant cockroaches
  21 goblins
  6 hobgoblins
  7 jackals (D:2)
  9 kobolds
  5 quokkas
  4 ball pythons
  8 bats
  2 frilled lizards
  6 rats
116 creatures vanquished.

Vanquished Creatures (collateral kills)
  A hound skeleton (D:4)
  An adder skeleton (D:4)
  A kobold (D:4)
3 creatures vanquished.

Grand Total: 119 creatures vanquished

Notes
Turn   | Place    | Note
-------+----------+-------------------------------------------
     0 | D:1      | Alakanar the Djinni Ice Elementalist began the quest for
                  | the Orb.
     0 | D:1      | Reached XP level 1. HP: 15/15 MP: 0/0
   286 | D:1      | Reached XP level 2. HP: 17/21 MP: 0/0
   569 | D:1      | Reached XP level 3. HP: 23/25 MP: 0/0
   569 | D:1      | Learned a level 1 spell: Summon Small Mammal
   937 | D:1      | Reached skill level 4 in Spellcasting
  1661 | D:2      | Reached XP level 4. HP: 23/31 MP: 0/0
  2921 | D:3      | Found a faded altar of an unknown god.
  3192 | D:3      | Reached XP level 5. HP: 29/35 MP: 0/0
  3192 | D:3      | Learned a level 2 spell: Searing Ray
  3505 | D:3      | Noticed Robin
  3510 | D:3      | Killed Robin
  3520 | D:3      | Reached skill level 5 in Spellcasting
  4052 | D:3      | Reached XP level 6. HP: 13/41 MP: 0/0
  4966 | D:4      | Reached skill level 1 in Fighting
  4971 | D:4      | Reached XP level 7. HP: 33/47 MP: 0/0
  4971 | D:4      | Learned a level 3 spell: Ignite Poison
  5320 | D:4      | Reached skill level 6 in Spellcasting
  5526 | D:4      | Slain by an iguana

Illustrated notes

Levels and vault maps discovered:
D:1:      dpeg_arrival_castle, layout_loops_ring, minmay_cupped
D:2:      layout_loops_ring
D:3:      minmay_inner_zag, layout_loops_cross,
          shapermc_ecumenical_altar_pompeii, cheibrodos_gnoll_hut, uniq_robin
D:4:      minmay_razor_zed, layout_layer_cave, minmay_crystal_water

Skill      XL: |  1  2  3  4  5  6  7 |
---------------+----------------------+-----
Spellcasting   | 4 5 6 |  6.4
Fighting       | 1 |  1.2
Dodging        | |  2.8
Stealth        | |  1.5

Action                   |  1- 3 |  4- 6 |  7- 9 || total
-------------------------+-------+-------+-------++-------
Melee: Unarmed           |     7 |       |       ||     7
       Staff             |       |     1 |       ||     1
 Cast: Freeze            |    52 |    58 |     7 ||   117
       Summon Small Mamm |     2 |    17 |     1 ||    20
       Frozen Ramparts   |     1 |     8 |     2 ||    11
       Ozocubu's Armour  |     1 |     5 |     2 ||     8
       Searing Ray       |       |    35 |    13 ||    48
       Hailstorm         |       |     1 |     1 ||     2
  Use: Scroll            |       |     2 |     1 ||     3
Armor: Robe              |     8 |    11 |       ||    19
Dodge: Dodged            |    29 |    26 |     4 ||    59
